 Dungeon Crawl Stone Soup version 0.30-a0-305-g026cb31310 (webtiles) character file.

Game seed: 4847449270716258286

2970 koil the Covert (level 9, -2/67 (69) HPs)
             Began as a Spriggan Brigand on Oct 23, 2022.
             Was an Initiate of Wu Jian.
             Engulfed by a cloud of poison gas (3 damage)
             ... on level 8 of the Dungeon.
             The game lasted 00:31:31 (8562 turns).

koil the Covert (Spriggan Brigand)                  Turns: 8562, Time: 00:31:32

HP:   -2/67 (69)    AC:  4    Str:  7    XL:     9   Next: 52%
MP:   0/19          EV: 21    Int: 17    God:    Wu Jian [......]
Gold: 287           SH:  0    Dex: 16    Spells: 16/20 levels left

rFire   x . .      SeeInvis +    a - +4 dagger
rCold   + . .      Faith    .    (no shield)
rNeg    + . .      Spirit   +    b - +1 robe of Hiosyzaq {rC+}
rPois   .          Reflect  .    (helmet restricted)
rElec   +          Harm     .    H - +0 cloak "Wiliubo" {rElec rF- rN+}
rCorr   .          Rampage  .    (gloves unavailable)
Will    +....                    (boots unavailable)
Stlth   ..........               s - amulet of guardian spirit
HPRegen 0.31/turn                u - ring of ice
MPRegen 0.16/turn                M - ring of fire

@: berserking, lethally poisoned (-2 -> -15), lightly drained, very quick
A: very small, no large weapons, unfitting armour, see invisible, speed 3
a: Renounce Religion


You were on level 8 of the Dungeon.
You worshipped Wu Jian.
Wu Jian was noncommittal.
You visited 2 branches of the dungeon, and saw 9 of its levels.

You collected 287 gold pieces.

Inventory:

Hand Weapons
 a - a +4 dagger (weapon)
 g - a +2 rapier of venom
Missiles
 d - 23 poisoned darts (quivered)
 e - 5 curare-tipped darts
Armour
 b - the +1 robe of Hiosyzaq (worn) {rC+}
   (You acquired it in the Ecumenical Temple)

   rC:        It protects you from cold.
 j - +0 steam dragon scales
 H - the +0 cloak "Wiliubo" (worn) {rElec rF- rN+}
   (You found it on level 5 of the Dungeon)

   rF:        It makes you vulnerable to fire.
   rElec:     It insulates you from electricity.
   rN:        It protects you from negative energy.
Jewellery
 p - a ring of protection from cold
 s - an amulet of guardian spirit (around neck)
 u - a ring of ice (left hand)
 M - a ring of fire (right hand)
Wands
 r - a wand of roots (9)
Scrolls
 c - 3 scrolls of identify
 k - 2 scrolls of torment
 q - a scroll of amnesia
Potions
 i - a potion of cancellation
 m - a potion of brilliance
 A - a potion of magic
 D - a potion of flight


   Skills:
 + Level 4.9 Fighting
 + Level 6.5 Short Blades
 - Level 2.0 Throwing
 + Level 7.3 Dodging
 + Level 10.4 Stealth
 + Level 6.4 Spellcasting
 + Level 0.0 Hexes
 + Level 3.5 Summonings


You had 16 spell levels left.
You knew the following spells:

 Your Spells              Type           Power      Damage    Failure   Level
a - Summon Small Mammal   Summ           68%        N/A       2%          1
b - Summon Guardian Gole  Hex/Summ       11%        N/A       19%         3

Your spell library contained the following spells:

 Spells                   Type           Power      Damage    Failure   Level
 Call Canine Familiar     Summ           17%        N/A       9%          3
 Inner Flame              Hex/Fire       8%         N/A       36%         3
 Ozocubu's Armour         Ice            8%         N/A       36%         3
 Portal Projectile        Hex/Tloc       10%        N/A       36%         3
 Cause Fear               Hex            2%         N/A       77%         4
 Leda's Liquefaction      Hex/Erth       2%         N/A       77%         4
 Ozocubu's Refrigeration  Ice            4%         4d8       100%        7
 Discord                  Hex            2%         N/A       100%        8


Dungeon Overview and Level Annotations

Branches:
Dungeon (8/15)             Temple (1/1) D:6
   Lair: D:8-11

Altars:
Ashenzari
Dithmenos
Elyvilon
Fedhas
Gozag
Hepliaklqana
Kikubaaqudgha
Makhleb
Nemelex Xobeh
Okawaru
Ru
Sif Muna
Trog
Vehumet
Wu Jian
Xom
Yredelemnul
Zin
The Shining One

Annotations:
D:5 !GHOST, bande's ghost, novice GrFi
D:6 Menkaure


Innate Abilities, Weirdness & Mutations

You are very small and have problems with some larger weapons.
You are too small for most types of armour.
You have supernaturally acute eyesight. (SInv)
You cover ground extremely quickly. (Speed+++)


Message History

Okay, then.
Really walk into that cloud of poison gas?
Okay, then.
You hit the wight.
The wight is moderately damaged.
The centaur shoots an arrow.
The arrow barely misses you.
A jelly comes into view.
The wight hits you with a +3 falchion of freezing!
You partially resist.
You feel drained. The wight freezes you. The jelly misses you.
As you read the scroll labelled YFICOC JUYCW, it crumbles to dust.
The creatures around you are filled with an inner flame!
It was a scroll of immolation.
The centaur shoots an arrow.
The arrow barely misses you.
The orc priest calls down the wrath of Beogh upon you.
Beogh smites you!
* * * LOW HITPOINT WARNING * * *
The wight closely misses you. The jelly barely misses you.
The gnoll bouda barks out a call to the hunt!
As you read the scroll labelled VUJUC GAGUNWO, it crumbles to dust.
The scroll dissolves into smoke.
It was a scroll of fog.
The centaur shoots an arrow.
The arrow hits you!
* * * LOW HITPOINT WARNING * * *
The wight misses you.
The wight hits you with a +3 falchion of freezing.
* * * LOW HITPOINT WARNING * * *
The jelly closely misses you.
It was a potion of berserk rage.
A red film seems to cover your vision as you go berserk!
You feel yourself moving faster!
You feel mighty! The wight misses you. The wight closely misses you.
The jelly misses you.
The centaur shoots an arrow.
The arrow closely misses you.
The arrow hits the wight.
Really walk into that cloud of poison gas?
Okay, then.
Really walk into that cloud of poison gas?
You feel a strong urge to attack something.
You are engulfed in poison gas.
You are lethally poisoned!
You die...

#...........J.
#..g....o.o...
#...g.§§J☼§§§.
.#####g§.§§☼§☼. ....
.....§§gg§§§§§§.
....##.#####§#§J§§§§§.
....'. ..# #§g☼c§☼§§§.
....#.##.###g§§§.§§...
.........#§☼@§§§####+#
# #......#o#z§J§§# #
#......#.#§§§§§# #
#........#zz☼§§# ##+##
###....z####§§§§§#
#....
........####☼#####
#.... .#.##......#o.##
#.... #....?#...#§..#
+.... ###......o#§#.#
#....


You could see an orc warrior (wandering), a centaur (inner flame), a gnoll bouda
(inner flame), 3 jellies, 3 wights, an orc priest (inner flame), an orc wizard
(wandering), 4 gnolls and an orc (wandering).

Vanquished Creatures
  A wyvern (D:7)
  A steam dragon (D:7)
  A water moccasin (D:6)
  2 black bears
  An ice beast (D:7)
  An orc warrior (D:6)
  An ogre (D:6)
  2 centaurs
  4 phantoms
  A kobold brigand (D:6)
  7 bullfrogs
  2 necrophages
  A scorpion (D:6)
  A howler monkey (D:7)
  5 hounds
  6 orc priests
  4 jellies
  A gnoll bouda (D:3)
  Crazy Yiuf (D:4)
  An iguana (D:4)
  5 orc wizards
  12 adders
  5 gnolls
  A white imp (D:5)
  4 worms
  2 dart slugs
  31 orcs
  6 ball pythons
  5 bats
  6 endoplasms
  3 giant cockroaches (D:1)
  13 goblins
  3 hobgoblins (D:1)
  10 kobolds
  4 quokkas
  2 frilled lizards
  5 rats
161 creatures vanquished.

Notes
Turn   | Place    | Note
-------+----------+-------------------------------------------
     0 | D:1      | koil the Spriggan Brigand began the quest for the Orb.
     0 | D:1      | Reached XP level 1. HP: 10/10 MP: 2/2
    66 | D:1      | Reached skill level 6 in Stealth
    70 | D:1      | Reached XP level 2. HP: 10/15 MP: 2/4
   371 | D:1      | Reached skill level 1 in Spellcasting
  1101 | D:2      | Reached XP level 3. HP: 18/18 MP: 5/5
  1707 | D:2      | Identified the +3 flail "Fythiuh" {protect, rElec Will-
                  | Str+4}
  1765 | D:2      | Reached XP level 4. HP: 16/23 MP: 7/7
  2000 | D:3      | Found a shadowy altar of Dithmenos.
  2557 | D:3      | Found a faded altar of an unknown god.
  2883 | D:4      | Reached XP level 5. HP: 23/27 MP: 6/9
  2928 | D:3      | Reached skill level 7 in Stealth
  3225 | D:4      | Reached XP level 6. HP: 28/32 MP: 8/11
  3823 | D:4      | Found a bloodstained altar of Trog.
  3992 | D:4      | Found a runed translucent door.
  3993 | D:4      | Noticed Crazy Yiuf
  4016 | D:4      | Killed Crazy Yiuf
  4017 | D:4      | Reached XP level 7. HP: 32/36 MP: 11/13
  4067 | D:5      | Entered Level 5 of the Dungeon
  4070 | D:5      | Learned a level 1 spell: Summon Small Mammal
  4109 | D:5      | Reached skill level 8 in Stealth
  4670 | D:5      | Reached skill level 5 in Dodging
  4753 | D:5      | Identified the +0 cloak "Wiliubo" {rElec rF- rN+}
  4796 | D:5      | Reached skill level 1 in Summonings
  4852 | D:5      | Found a runed translucent door.
  4852 | D:5      | Noticed bande's ghost (novice GrFi)
  5626 | D:6      | Reached XP level 8. HP: 30/42 MP: 10/15
  5783 | D:6      | Reached skill level 5 in Short Blades
  5957 | D:6      | Noticed Menkaure
  6151 | D:6      | Reached skill level 9 in Stealth
  6257 | D:6      | Reached skill level 5 in Spellcasting
  6774 | D:6      | Found a staircase to the Ecumenical Temple.
  6893 | D:6      | Found a burning altar of Makhleb.
  6943 | D:6      | Reached XP level 9. HP: 38/46 MP: 13/18
  7205 | Temple   | Entered the Ecumenical Temple
  7301 | Temple   | Became a worshipper of the Wu Jian Council
  7386 | Temple   | Identified a scroll of acquirement
  7386 | Temple   | Acquired the +1 robe of Hiosyzaq {rC+}
  7493 | D:7      | Learned a level 3 spell: Summon Guardian Golem
  7654 | D:7      | Reached skill level 10 in Stealth
  8560 | D:8      | HP: 2/45 [centaur/arrow (5)]
  8562 | D:8      | Engulfed by a cloud of poison gas

Illustrated notes

Levels and vault maps discovered:
D:1:      minmay_arrival_arboretum_small, layout_basic
D:2:      layout_basic
D:3:      layout_basic, nicolae_dithmenos_shadow_blocks,
          shapermc_ecumenical_altar_ellora
D:4:      layout_loops_cross, mainiacjoe_overflow_small_starburst,
          uniq_crazy_yiuf_cottage
D:5:      layout_basic, gammafunk_ghost_grave
D:6:      layout_cave_pods, bloody_makhleb, temple_green, uniq_menkaure
D:7:      layout_loops_cross
D:8:      layout_basic, serial_shops, shop, enter_bailey_5, jiyva_altar_1
Temple:   mainiacjoe_temple_bowtie_tessellation

Skill      XL: |  1  2  3  4  5  6  7  8  9 |
---------------+----------------------------+-----
Stealth        | 6 7 8 9 10 | 10.4
Spellcasting   | 1 2 3 4 5 6 |  6.4
Dodging        | 2 3 4 5 6 7 |  7.3
Fighting       | 2 3 4 |  4.9
Short Blades   | 3 4 5 6 |  6.5
Summonings     | 1 2 3 |  3.5
Throwing       | |  2.0

Action                   |  1- 3 |  4- 6 |  7- 9 || total
-------------------------+-------+-------+-------++-------
Melee: Dagger            |   117 |    30 |   487 ||   634
       Punch             |     4 |     1 |     7 ||    12
       Flail             |     6 |   121 |       ||   127
Throw: Dart              |       |    13 |    50 ||    63
Invok: Lunge             |       |       |     4 ||     4
  Use: Scroll            |       |       |    19 ||    19
       Potion            |       |       |     7 ||     7
 Stab: Sleeping          |     9 |    20 |    12 ||    41
       Distracted        |       |     1 |       ||     1
Armor: Robe              |    19 |    39 |    47 ||   105
Dodge: Dodged            |    80 |   153 |   347 ||   580

Table legend: (Time is in decaauts)
 A = Elapsed time spent in this place.
 B = Non-inter-level travel time spent in this place.
 C = Inter-level travel time spent in this place.
 D = Time resting spent in this place.
 E = Time spent auto-exploring this place.
 F = Levels seen in this place.
 G = Mean time per level.
                   A        B        C        D        E       F      G
               +--------+--------+--------+--------+--------+-----+--------+
         Total |   6060 |   5871 |    189 |    407 |   3815 |   9 |  673.3 |
       Dungeon |   5897 |   5743 |    154 |    407 |   3763 |   8 |  737.1 |
        Temple |    163 |    128 |     35 |      0 |     52 |   1 |  163.0 |
               +--------+--------+--------+--------+--------+-----+--------+

Top non-repeatable levels by time:
     D:6: 1336 daAuts
     D:5: 999 daAuts
     D:3: 916 daAuts
     D:1: 681 daAuts
     D:4: 626 daAuts
     D:7: 591 daAuts
     D:2: 587 daAuts
  Temple: 163 daAuts
     D:8: 158 daAuts
